 Dungeon Crawl Stone Soup version 0.30-b1-2-g02819fbbbe (webtiles) character file.

Game seed: 8371812746695622335

580504 Armakuni the Merry Human (level 27, -31/207 HPs)
             Began as a Human Monk on May 13, 2023.
             Was an Elder of the Shining One.
             Annihilated by an angel
             ... wielding a +3 whip of holy wrath
             ... led by a seraph
              (35 damage)
             ... on level 2 of the Depths.
             The game lasted 04:00:00 (69350 turns).

Armakuni the Merry Human (Human Monk)              Turns: 69350, Time: 04:00:00

Health: -31/207    AC: 24    Str: 17      XL:     27
Magic:  36/36      EV: 18    Int: 23 (24) God:    the Shining One [****..]
Gold:   5494       SH: 32    Dex: 23      Spells: 8/28 levels left

rFire   + + .        a - +8 hand crossbow (heavy)
rCold   . . .        U - +8 tower shield {reflect}
rNeg    + + .        K - quicksilver dragon scales
rPois   +            G - +2 helmet {Int+3}
rElec   .            M - scarf {repulsion}
rCorr   .            L - +2 pair of gloves {Str+3}
SInv    .            j - +0 pair of boots
Will    ++++.        R - amulet of regeneration
Stlth   +            F - ring of Niyguruem {rPois rF++ Will+ Int+6}
HPRegen 1.34/turn    A - ring of the Tortoise {AC+8}
MPRegen 0.25/turn

%: repel missiles, reflection
@: about to teleport, glowing, studying Polearms, unable to read, unable to
drink
A: deformed body, deterioration 1, subdued magic 1, inability to drink after
injury 1, inability to read after injury 1, MP-powered wands
0: Orb of Zot
}: 3/15 runes: serpentine, barnacled, silver
a: Renounce Religion, Divine Shield, Cleansing Flame


You were on level 2 of the Depths.
You worshipped the Shining One.
The Shining One was greatly pleased with you.
You visited 11 branches of the dungeon, and saw 51 of its levels.
You also visited: Ice Cave, Volcano and Desolation.

You collected 9577 gold pieces.
You spent 4083 gold pieces at shops.

Inventory:

Hand Weapons
 a - a +8 heavy hand crossbow (weapon)
 b - a +5 double sword of holy wrath
 Q - a +2 war axe of venom
Armour
 j - a +0 pair of boots (worn)
 G - a +2 helmet of intelligence (worn)
 K - quicksilver dragon scales (worn)
 L - a +2 pair of gloves of strength (worn)
 M - a scarf of repulsion (worn)
 N - a +2 pair of gloves
 U - a +8 tower shield of reflection (worn)
Jewellery
 A - the ring of the Tortoise (right hand) {AC+8}
   (You bought it in a shop on level 1 of the Orcish Mines)

   [ring of protection]

   AC:        It affects your AC (+8).
 E - the ring of Dyur {rElec rC+ Int-5 Dex+5 Stlth+}
   (You found it on level 2 of the Orcish Mines)

   [ring of protection from cold]

   Int:       It affects your intelligence (-5).
   Dex:       It affects your dexterity (+5).
   rC:        It protects you from cold.
   rElec:     It insulates you from electricity.
   Stlth:     It makes you more stealthy.
 F - the ring of Niyguruem (left hand) {rPois rF++ Will+ Int+6}
   (You found it on level 4 of the Shoals)

   [ring of intelligence]

   Int:       It affects your intelligence (+6).
   rF:        It greatly protects you from fire.
   rPois:     It protects you from poison.
   Will:      It increases your willpower.
 R - an amulet of regeneration (around neck)
Wands
 k - a wand of digging (23)
 r - a wand of roots (40)
 t - a wand of quicksilver (25)
 J - a wand of paralysis (55)
Scrolls
 f - 2 scrolls of noise
 g - 34 scrolls of identify
 h - a scroll of enchant armour
 l - 2 scrolls of blinking
 m - 9 scrolls of teleportation
 o - 6 scrolls of immolation
 p - 2 scrolls of poison
 s - a scroll of summoning
 u - 11 scrolls of amnesia
 x - 10 scrolls of fog
 y - 2 scrolls of silence
 C - 6 scrolls of fear
 I - 4 scrolls of magic mapping
 O - 8 scrolls of vulnerability
Potions
 c - 4 potions of ambrosia
 d - 2 potions of heal wounds
 e - 2 potions of invisibility
 i - a potion of haste
 n - 7 potions of flight
 q - 14 potions of brilliance
 w - 9 potions of curing
 B - 3 potions of might
 D - 8 potions of resistance
 H - 12 potions of lignification
 S - 7 potions of magic
 T - 4 potions of mutation
Miscellaneous
 v - a condenser vane
 z - a phantom mirror


   Skills:
 - Level 15.0 Fighting
 - Level 16.0 Long Blades
 O Level 27 Ranged Weapons
 - Level 10.0 Armour
 - Level 11.0 Dodging
 - Level 21.5 Shields
 - Level 1.0 Spellcasting
 - Level 13.0 Translocations
 - Level 10.0 Transmutations
 + Level 19.5 Invocations
 - Level 8.0 Evocations


You had 8 spell levels left.
You knew the following spells:

 Your Spells              Type           Power      Damage    Failure   Level
b - Blink                 Tloc           92%        N/A       1%          2
e - Metabolic Englaciati  Hex/Ice        0%         N/A       100%        5
f - Inner Flame           Hex/Fire       0%         N/A       71%         3
l - Lesser Beckoning      Tloc           92%        N/A       1%          2
p - Portal Projectile     Hex/Tloc       46%        N/A       7%          3
w - Wereblood             Tmut           36%        N/A       1%          2
z - Apportation           Tloc           92%        N/A       1%          1
W - Passwall              Tmut/Erth      15%        N/A       6%          2

Your spell library contained the following spells:

 Spells                   Type           Power      Damage    Failure   Level
 Beastly Appendage        Tmut           72%        N/A       1%          1
 Gell's Gravitas          Tloc           46%        N/A       1%          3
 Teleport Other           Tloc           46%        N/A       1%          3
 Passage of Golubria      Tloc           46%        N/A       1%          4
 Sting                    Tmut/Pois      72%        1d6       3%          1
 Momentum Strike          Conj/Tloc      46%        3d9       3%          2
 Spider Form              Tmut/Pois      18%        N/A       13%         3
 Blade Hands              Tmut           18%        N/A       16%         5
 Dispersal                Tloc           23%        N/A       24%         6
 Foxfire                  Conj/Fire      0%         2x1d4     32%         1
 Magic Dart               Conj           0%         1d3       32%         1
 Necrotise                Necr           0%         1d4       32%         1
 Sandblast                Erth           0%         2d4       32%         1
 Slow                     Hex            0%         N/A       32%         1
 Ice Form                 Ice/Tmut       18%        N/A       41%         4
 Petrify                  Tmut/Erth      18%        N/A       41%         4
 Call Imp                 Summ           0%         N/A       47%         2
 Cigotuvi's Dreadful Rot  Necr/Pois/Air  0%         N/A       47%         2
 Ensorcelled Hibernation  Hex/Ice        0%         N/A       47%         2
 Scorch                   Fire           0%         2d5       47%         2
 Searing Ray              Conj           0%         2d4       47%         2
 Static Discharge         Conj/Air       0%         2-2/arc   47%         2
 Confusing Touch          Hex            0%         N/A       71%         3
 Hailstorm                Conj/Ice       0%         3d3       71%         3
 Mephitic Cloud           Conj/Pois/Air  0%         N/A       71%         3
 Ozocubu's Armour         Ice            0%         N/A       71%         3
 Stone Arrow              Conj/Erth      0%         3d7       71%         3
 Summon Guardian Golem    Hex/Summ       0%         N/A       71%         3
 Swiftness                Air            0%         N/A       71%         3
 Tukima's Dance           Hex            0%         N/A       71%         3
 Vampiric Draining        Necr           0%         2d6       71%         3
 Alistair's Intoxication  Tmut/Pois      12%        N/A       77%         5
 Yara's Violent Unravell  Hex/Tmut       9%         3d6       77%         5
 Airstrike                Air            0%         2d(0-16)  98%         4
 Anguish                  Hex/Necr       0%         N/A       98%         4
 Animate Armour           Summ/Erth      0%         N/A       98%         4
 Cause Fear               Hex            0%         N/A       98%         4
 Flame Wave               Conj/Fire      0%         2d4       98%         4
 Summon Lightning Spire   Summ/Air       0%         N/A       98%         4
 Agony                    Necr           0%         N/A       100%        5
 Borgnjor's Vile Clutch   Necr/Erth      0%         N/A       100%        5
 Fireball                 Conj/Fire      0%         3d3       100%        5
 Iskenderun's Battlesphe  Conj           0%         2d6       100%        5
 Silence                  Hex/Air        0%         N/A       100%        5
 Conjure Ball Lightning   Conj/Air       0%         3x3d6     100%        6
 Eringya's Noxious Bog    Tmut/Pois      9%         N/A       100%        6
 Iron Shot                Conj/Erth      0%         9d1       100%        6
 Plasma Beam              Fire/Air       0%         2x1d11    100%        6
 Simulacrum               Ice/Necr       0%         N/A       100%        6
 Starburst                Conj/Fire      0%         6d3       100%        6
 Statue Form              Tmut/Erth      12%        N/A       100%        6
 Summon Cactus Giant      Summ           0%         N/A       100%        6
 Enfeeble                 Hex            0%         N/A       100%        7
 Haunt                    Necr/Summ      0%         N/A       100%        7
 Monstrous Menagerie      Summ           0%         N/A       100%        7
 Orb of Destruction       Conj           0%         9d5       100%        7
 Ozocubu's Refrigeration  Ice            0%         4d7       100%        7
 Spellforged Servitor     Conj/Summ      0%         N/A       100%        7
 Storm Form               Tmut/Air       9%         N/A       100%        7
 Discord                  Hex            0%         N/A       100%        8
 Disjunction              Tloc           23%        N/A       100%        8
 Lehudib's Crystal Spear  Conj/Erth      0%         10d2      100%        8
 Maxwell's Capacitive Co  Air            0%         ∞         100%        8
 Polar Vortex             Ice            0%         N/A       100%        9


Dungeon Overview and Level Annotations

Branches:
Dungeon (15/15)            Temple (1/1) D:4            Lair (5/5) D:9
 Shoals (4/4) Lair:3        Snake (4/4) Lair:2        Slime (0/5) Lair:4
    Orc (2/2) D:9             Elf (3/3) Orc:2        Vaults (5/5) D:13
  Crypt (3/3) Vaults:3       Tomb (0/3) Crypt:3      Depths (4/4) D:15
    Zot (5/5) Depths:4      IceCv (visited)         Volcano (visited)
Desolation (visited)

Altars:
Ashenzari
Cheibriados
Dithmenos
Elyvilon
Fedhas
Gozag
Hepliaklqana
Kikubaaqudgha
Makhleb
Nemelex Xobeh
Okawaru
Qazlal
Ru
Sif Muna
Trog
Uskayaw
Vehumet
Wu Jian
Xom
Yredelemnul
Zin
The Shining One

Shops:
D:6 [   Orc:1 =   Orc:2 :(([   Elf:2 **   Shoals:2 [   Shoals:3 *   Snake:1 [:*
Snake:2 *   Snake:4 [*[*   Vaults:1 ([   Vaults:5 *   Depths:1 (

Portals:
Hell: Depths:1 Depths:2 Depths:3 Depths:4
Abyss: Depths:2 Depths:3
Pandemonium: Depths:2 Depths:3
Ziggurat: Depths:3

Annotations:
D:14 3 runed translucent doors, Wopp's ghost, journeyman GrEE
Elf:2 3 runed translucent doors, Jorgrun
Vaults:1 8 runed translucent doors, Angmar's ghost, veteran DrAE
Depths:3 3 runed translucent doors
Depths:4 6 runed translucent doors


Innate Abilities, Weirdness & Mutations

Armour fits poorly on your strangely shaped body.
Your body sometimes deteriorates upon taking damage.
Your spells are a little easier to cast, but a little less powerful.
You occasionally lose the ability to drink potions when taking damage.
You occasionally lose the ability to read scrolls when taking damage.
You expend magic power (3 MP) to strengthen your wands.


Message History

The daeva calls down the wrath of the Shining One upon you.
The Shining One smites you!
The seraph hits you with a +5 great sword of flaming!!!
The seraph burns you.
The seraph hits you with a +5 great sword of flaming!
* * * LOW HITPOINT WARNING * * *
The seraph burns you.
* * * LOW HITPOINT WARNING * * *
You block the angel's attack. The angel barely misses you.
The angel hits you with a +3 whip of holy wrath.
* * * LOW HITPOINT WARNING * * *
You block the angel's attack. x2; The angel barely misses you.
You shoot a bolt. The bolt hits the angel!!!
The angel is heavily wounded.
You block the angel's attack. The angel barely misses you.
The seraph shouts a warning to its allies!
You block the angel's attack.
The angel hits you with a +2 sacred scourge of holy wrath!
* * * LOW HITPOINT WARNING * * *
You block the angel's attack. x2
The angel hits you with a +2 sacred scourge of holy wrath!
* * * LOW HITPOINT WARNING * * *
The angel hits you with a +2 sacred scourge of holy wrath.
* * * LOW HITPOINT WARNING * * *
The daeva calls down the wrath of the Shining One upon you.
The Shining One smites you!
* * * LOW HITPOINT WARNING * * *
The angel misses you. You block the angel's attack.
The angel closely misses you.
The angel hits you with a +3 whip of holy wrath!
* * * LOW HITPOINT WARNING * * *
You block the angel's attack.
The angel hits you with a +2 sacred scourge of holy wrath!
The Shining One protects you from harm! The seraph barely misses you.
You block the seraph's attack. The angel hits you but does no damage.
The angel completely misses you.
The angel hits you with a +3 whip of holy wrath!!
You feel threatened and lose the ability to read scrolls!
You feel threatened and lose the ability to drink potions!
You die...

..###...##
#.....#.♣♣..###.###.≈
..#.....#
#.....#...♣.##...##.≈
..#..(.##
#.....#♣♣♣♣.##...##..
#...(.## #.....#♣
♣.♣#.....#♣. .....##
#......♣ ♣♣.#.....#♣.
....##
#......♣♣♣.....~.....
...##
#........⌠♣♣#.....#♣♣
####
#..AAA#.♣♣♣♣#.....#♣♣
.#
#.AA@.#[...♣##...##♣.
## #..AA[#♣♣♣.♣
#...##.. #
#.....#♣♣.♣♣ ##.###.♣
#.....#♣.♣♣ ♣.♣ #..
#.....#♣♣.♣ ♣.♣ #♣♣
#.....###############
#....................
#.....########.......
#.....# ########


You could see a seraph (strong, catching breath), a daeva (summoned, strong), 4
angels and a cherub (summoned).

Vanquished Creatures
  5 orbs of fire
  A dread lich (Zot:5)
  3 ancient liches (Zot:5)
  A juggernaut (Depths:3)
  A royal mummy (Crypt:3)
  Josephina (Zot:1)
  Boris (twice) (Vaults:2 Depths:4)
  Frederick (Vaults:2)
  Bai Suzhen (Snake:3)
  Saint Roka (Elf:2)
  A curse toe (Zot:5)
  A Killer Klown (Zot:5)
  14 golden dragons
  2 bone dragons (Depths:4)
  2 electric golems
  A Tzitzimitl (Depths:4)
  A Hell Sentinel (Depths:4)
  12 tentacled monstrosities
  An Ice Fiend (Depths:4)
  3 liches
  Rupert (Lair:4)
  23 Orb Guardians
  5 deep elf blademasters (Elf:3)
  7 titans
  8 quicksilver dragons
  2 walking frostbound tomes (Depths:3)
  A walking divine tome (Depths:3)
  An Executioner (Depths:4)
  2 deep elf master archers (Elf:3)
  An acid blob (Zot:5)
  4 death cobs
  6 ancient champions
  Polyphemus (Shoals:3)
  Agnes (Snake:2)
  10 shadow dragons
  Ilsuiw (Shoals:4)
  8 nagarajas
  7 draconian monks
  17 storm dragons
  13 sphinxes
  8 tengu reavers
  8 fire giants
  12 frost giants
  2 draconian knights
  5 draconian shifters
  19 vault wardens
  2 curse skulls (Crypt:3)
  5 ghost moths
  5 deep elf sorcerers
  2 iron dragons
  7 draconian scorchers
  3 spectral caustic shrikes (Depths:3)
  2 ghouls (Crypt:1)
  3 draconian annihilators
  2 spriggan defenders
  8 deep elf elementalists
  An orc warlord (Vaults:1)
  A ghost moth (shapeshifter) (Vaults:5)
  19 ironbound preservers
  3 war gargoyles
  16 very ugly things
  3 ironbound thunderhulks
  11 stone giants
  13 green draconians
  2 reapers
  4 vampire knights
  5 deep elf demonologists
  A halazid warlock (Desolation)
  A spark wasp (Depths:2)
  3 deep elf annihilators (Elf:3)
  8 black draconians
  9 purple draconians
  6 yellow draconians
  8 white draconians
  16 red draconians
  3 dire elephants (Vaults:2)
  The ghost of Ined the Severer, a journeyman MiBe of Trog (D:13)
  The ghost of Suckerboh the Cleaver, a journeyman MiFi of the Shining One (Orc:2)
  11 ettins
  3 eidola
  An acid blob zombie (Crypt:3)
  8 merfolk impalers
  2 merfolk javelineers (Shoals:4)
  3 jiangshi (Crypt:3)
  2 ragged hierophants (Desolation)
  6 fire dragons
  8 deep elf death magi
  7 deep elf high priests
  6 mummy priests (Crypt:3)
  4 great orbs of eyes
  12 yaktaur captains
  3 entropy weavers
  35 vault guards
  4 servants of whispers (Desolation)
  A hydra (D:13)
  7 ice dragons
  2 hell beasts
  5 ogre magi
  4 rakshasas
  A spriggan skeleton (Crypt:1)
  5 peacekeepers
  3 salamander tyrants (Snake:4)
  3 spriggan air magi
  9 ironbound frosthearts
  9 anacondas
  A catoblepas (Lair:3)
  A satyr (Shoals:4)
  An alligator snapping turtle (Shoals:4)
  A merfolk avatar (Lair:5)
  2 death knights
  A death yak (Lair:3)
  9 two-headed ogres
  An Orb Guardian skeleton (Crypt:2)
  16 centaur warriors
  4 merfolk aquamancers (Shoals:4)
  5 boulder beetles
  A satyr (shapeshifter) (Vaults:5)
  19 dancing weapons
  8 deep troll shamans
  3 deep troll earth magi
  6 tengu warriors
  14 naga warriors
  7 vampire magi
  7 orc high priests
  4 shock serpents
  12 naga sharpshooters
  3 spriggan berserkers
  16 skeletal warriors
  11 deep elf knights
  7 hell knights
  A storm dragon zombie (Vaults:4)
  2 sun demons
  4 soul eaters
  2 fire crabs
  8 iron trolls
  An emperor scorpion zombie (Crypt:3)
  4 salamander mystics
  A sixfirhy (Depths:3)
  7 skysharks
  A shadow wraith (Crypt:3)
  48 deep trolls
  13 sea snakes
  A sea snake (shapeshifter) (Elf:3)
  A shadow dragon zombie (Vaults:4)
  9 flayed ghosts
  An orb spider (Depths:2)
  2 deep elf archers
  7 naga ritualists
  6 glowing orange brains
  17 ironbound convokers
  11 lindwurms
  An obsidian statue (Zot:5)
  A swamp dragon (shapeshifter) (D:13)
  10 phantasmal warriors
  A bog body (Crypt:1)
  A steelbarb worm (shapeshifter) (Vaults:5)
  9 necromancers
  6 wizards
  17 harpies
  18 deep elf zephyrmancers
  An iron dragon zombie (Crypt:1)
  11 orc knights
  21 deep elf pyromancers
  31 ugly things
  A wolf spider (D:15)
  A manticore (shapeshifter) (Depths:2)
  An oklob plant (Lair:5)
  9 fauns
  15 salamanders
  9 mana vipers
  3 cyclopes
  9 manticores
  4 orc sorcerers
  22 moths of wrath
  3 water nymphs
  13 elephants
  8 merfolk sirens
  42 black mambas
  5 guardian serpents
  2 stone giant skeletons
  A rust devil (Depths:3)
  2 ice statues (IceCv)
  Joseph (D:10)
  9 naga magi
  An orange demon (Depths:3)
  19 vault sentinels
  A torpor snail (Lair:3)
  Maggie (D:10)
  An efreet (D:15)
  2 freezing wraiths
  2 unseen horrors
  An unseen horror (shapeshifter) (D:14)
  A human zombie (Vaults:4)
  6 rime drakes
  8 cane toads
  7 komodo dragons
  2 komodo dragons (shapeshifter)
  40 yaktaurs
  3 kobold demonologists (D:13)
  A yaktaur skeleton (Vaults:4)
  A hydra zombie (Crypt:1)
  A yellow draconian skeleton (Crypt:3)
  An anaconda simulacrum (IceCv)
  2 tengu conjurers
  35 guardian mummies (Crypt:3)
  A red devil (Depths:3)
  8 ice devils
  An unseen horror skeleton (Crypt:1)
  A queen bee (D:10)
  7 polar bears
  A sea snake skeleton (Crypt:1)
  A queen bee (shapeshifter) (Lair:3)
  5 hornets
  Grinder (D:4)
  6 trolls
  24 merfolk
  5 wind drakes
  A fire dragon zombie (Crypt:3)
  A harpy skeleton (Crypt:1)
  A boulder beetle zombie (Crypt:1)
  5 dream sheep (Lair:4)
  21 saltlings
  A guardian serpent zombie (Crypt:2)
  24 blink frogs
  A culicivora (shapeshifter) (Vaults:5)
  A frost giant simulacrum (Vaults:4)
  An alligator skeleton (Crypt:1)
  A fire dragon skeleton (Crypt:1)
  5 snapping turtles
  9 flying skulls (Crypt:3)
  Sigmund (D:5)
  2 centaur simulacra
  31 slime creatures
  A shadow (D:11)
  A culicivora (Vaults:4)
  4 spriggans
  2 vampires
  10 water elementals
  A black mamba zombie (Crypt:1)
  10 ushabtiu (Crypt:3)
  6 humans (D:13)
  4 fire bats (Volcano)
  2 fire elementals
  A golden eye (shapeshifter) (D:15)
  A white draconian simulacrum (Zot:1)
  3 wyverns
  11 wraiths
  3 basilisks
  30 yaks
  A fire bat (shapeshifter) (D:14)
  7 vampire mosquitoes
  A death yak simulacrum (IceCv)
  Eustachio (D:5)
  6 redbacks
  A steam dragon (Lair:5)
  A chaos spawn (Depths:3)
  2 harpy simulacra (IceCv)
  2 wargs
  A glowing shapeshifter zombie (Crypt:3)
  3 acid dragons
  37 nagas
  2 hell hounds (Volcano)
  A hydra simulacrum (IceCv)
  6 water moccasins
  A cane toad skeleton (Crypt:2)
  A glowing shapeshifter skeleton (Vaults:4)
  2 black bears (Lair:2)
  A sky beast (shapeshifter) (Depths:4)
  26 orc warriors
  2 sky beasts
  10 ogres
  27 wolves
  22 centaurs
  3 kobold brigands
  A necrophage (Crypt:1)
  A two-headed ogre simulacrum (IceCv)
  2 cane toad simulacra
  An earth elemental (Elf:3)
  7 bullfrogs
  A spriggan zombie (Crypt:2)
  2 wights (D:7)
  A warg zombie (Crypt:2)
  21 killer bees
  An elephant simulacrum (IceCv)
  7 howler monkeys
  3 polar bear skeletons
  A jelly (D:6)
  6 hounds
  16 orc priests
  A gnoll bouda (D:7)
  2 human skeletons
  2 iguanas (D:6)
  3 sleepcaps
  A black bear skeleton (Crypt:3)
  25 orc wizards
  2 wolf simulacra
  A spriggan simulacrum (IceCv)
  4 troll simulacra (IceCv)
  A killer bee zombie (Crypt:2)
  A tengu zombie (Crypt:1)
  9 mummies (Crypt:3)
  A howler monkey zombie (Crypt:3)
  6 gnolls
  2 adders
  4 naga simulacra (IceCv)
  2 shadow imps
  4 white imps
  2 ufetubi
  A worm (D:5)
  3 dart slugs
  60 orcs
  5 endoplasms
  3 giant cockroaches
  4 goblins
  12 hobgoblins
  2 jackals (D:1)
  3 quokkas
  5 ball pythons
  7 bats
  3 frilled lizards
  21 kobolds
  6 rats
2000 creatures vanquished.

Vanquished Creatures (collateral kills)
  A white draconian (Zot:2)
1 creature vanquished.

Vanquished Creatures (others)
  A golden dragon (Zot:1)
  A sphinx (Vaults:4)
  A fire giant (Vaults:5)
  A spriggan defender (Depths:1)
  An ironbound preserver (Vaults:5)
  2 very ugly things (Depths:1)
  An ice dragon (shapeshifter) (Depths:3)
  A vault guard (D:13)
  A hydra (Lair:2)
  An anaconda (Snake:2)
  A merfolk aquamancer (Shoals:2)
  A spriggan berserker (Depths:4)
  A salamander mystic (Snake:2)
  A deep troll (Depths:1)
  A lindwurm (Vaults:2)
  An orc sorcerer (Orc:2)
  4 ugly things
  A salamander (Snake:2)
  A guardian serpent (Desolation)
  A water nymph (Shoals:4)
  3 black mambas
  A storm dragon simulacrum (Zot:1)
  2 polar bears (Lair:2)
  2 blink frogs
  A saltling (Desolation)
  A draconian simulacrum (Zot:1)
  A basilisk (Lair:4)
  A human (D:13)
  A green draconian simulacrum (Zot:1)
  A naga (Snake:4)
  4 orc warriors
  A wolf (Lair:4)
  A wight (D:7)
  A killer bee (D:9)
  A howler monkey (D:9)
  An orc priest (Orc:2)
  2 orc wizards (Orc:2)
  5 orcs
  25 fungi
  153 plants
  6 toadstools (Lair:3)
238 creatures vanquished.

Grand Total: 2239 creatures vanquished

Notes
Turn   | Place    | Note
-------+----------+-------------------------------------------
     0 | D:1      | Armakuni the Human Monk began the quest for the Orb.
     0 | D:1      | Reached XP level 1. HP: 18/18 MP: 1/1
    92 | D:1      | Reached XP level 2. HP: 24/24 MP: 2/2
   252 | D:1      | Reached XP level 3. HP: 26/29 MP: 3/3
   465 | D:1      | Reached skill level 1 in Ranged Weapons
   968 | D:2      | Reached XP level 4. HP: 31/35 MP: 4/4
  1718 | D:3      | Found a faded altar of an unknown god.
  1888 | D:3      | Found a hide-covered altar of Uskayaw.
  1902 | D:3      | Reached skill level 2 in Ranged Weapons
  2141 | D:4      | Found a staircase to the Ecumenical Temple.
  2151 | Temple   | Entered the Ecumenical Temple
  2282 | Temple   | Became a worshipper of Elyvilon the Healer
  2282 | Temple   | Reached * piety under Elyvilon
  2282 | Temple   | Reached ** piety under Elyvilon
  2714 | D:4      | Reached skill level 1 in Invocations
  3032 | D:5      | Entered Level 5 of the Dungeon
  3034 | D:5      | Noticed Grinder
  3042 | D:5      | Noticed Eustachio
  3055 | D:4      | Killed Grinder
  3056 | D:4      | Reached XP level 5. HP: 19/41 MP: 4/8
  3056 | D:4      | Reached XP level 6. HP: 22/47 MP: 4/9
  3316 | D:5      | Killed Eustachio
  3317 | D:5      | Reached skill level 5 in Invocations
  3317 | D:5      | Reached XP level 7. HP: 31/52 MP: 9/11
  3435 | D:5      | Noticed Sigmund
  3535 | D:5      | Reached *** piety under Elyvilon
  3840 | D:5      | Killed Sigmund
  4322 | D:6      | Found a basalt altar of Yredelemnul.
  4337 | D:6      | Reached XP level 8. HP: 58/58 MP: 12/14
  4753 | D:6      | Found a hazy altar of Hepliaklqana.
  4804 | D:6      | Found Ogois's Armour Shoppe.
  4813 | D:6      | Bought a +3 leather armour of poison resistance for 210
                  | gold pieces
  4899 | D:6      | Reached **** piety under Elyvilon
  5263 | D:6      | Reached skill level 10 in Invocations
  5621 | D:7      | Noticed a wraith
  5643 | D:7      | Killed a wraith
  5644 | D:7      | Reached XP level 9. HP: 60/63 MP: 12/16
  5956 | D:7      | Identified a scroll of acquirement
  5956 | D:7      | Acquired a manual of Long Blades
  6006 | D:7      | Reached skill level 5 in Long Blades
  6125 | D:7      | Found an opulent altar of Gozag.
  6627 | D:8      | Noticed Maurice
  6630 | D:8      | Noticed Maurice
  6639 | D:8      | Killed Maurice the wolf
  7167 | D:9      | Noticed a hornet
  7168 | D:9      | Pacified a hornet
  7169 | D:9      | Reached skill level 10 in Long Blades
  7175 | D:9      | Noticed a hornet
  7182 | D:9      | Pacified a hornet
  7183 | D:9      | Reached XP level 10. HP: 66/70 MP: 11/18
  7309 | D:9      | Found a shimmering altar of Xom.
  7328 | D:9      | Identified the ring of Surprise {rPois rCorr Str-3 Int+4
                  | Slay+4}
  7478 | D:9      | Found a staircase to the Orcish Mines.
  7542 | D:9      | Found a staircase to the Lair.
  7551 | Lair:1   | Entered Level 1 of the Lair of Beasts
  7577 | Lair:1   | Noticed a torpor snail
  7579 | Lair:1   | Pacified a torpor snail
  7579 | Lair:1   | Noticed an elephant
  7619 | Lair:1   | Noticed an elephant
  7621 | Lair:1   | Noticed an elephant
  7623 | Lair:1   | Noticed an elephant
  7640 | Lair:1   | Killed an elephant
  7644 | Lair:1   | Noticed an elephant
  7647 | Lair:1   | Killed an elephant
  7654 | Lair:1   | Killed an elephant
  7655 | Lair:1   | Reached skill level 5 in Fighting
  7673 | Lair:1   | Killed an elephant
  7674 | Lair:1   | Reached XP level 11. HP: 66/81 MP: 12/19
  7727 | D:10     | Entered Level 10 of the Dungeon
  7795 | D:10     | Noticed Joseph
  7806 | D:10     | Killed Joseph
  8004 | D:10     | Identified the +5 scale mail of Otraughoclet {Fly Will-
                  | rCorr Stlth+}
  8397 | D:10     | Noticed Maggie
  8401 | D:10     | Killed Maggie
  9023 | D:10     | Reached skill level 10 in Fighting
  9393 | D:11     | Noticed a manticore
  9398 | D:11     | Pacified a manticore
  9399 | D:11     | Reached skill level 3 in Ranged Weapons
  9617 | D:11     | Reached skill level 4 in Ranged Weapons
  9724 | D:11     | Noticed a manticore
  9725 | D:11     | Pacified a manticore
  9726 | D:11     | Reached skill level 5 in Dodging
  9726 | D:11     | Reached XP level 12. HP: 97/97 MP: 17/20
  9891 | D:11     | Reached skill level 5 in Ranged Weapons
  9999 | D:11     | Found a bloodstained altar of Trog.
 10270 | D:12     | Reached skill level 6 in Ranged Weapons
 10521 | D:12     | Noticed a boulder beetle
 10523 | D:12     | Pacified a boulder beetle
 10788 | D:12     | Noticed a catoblepas
 10789 | D:12     | Pacified a catoblepas
 11025 | D:12     | Noticed a boulder beetle
 11026 | D:12     | Pacified a boulder beetle
 11027 | D:12     | Reached skill level 7 in Ranged Weapons
 11076 | D:12     | Noticed a two-headed ogre
 11088 | D:12     | Killed a two-headed ogre
 11742 | D:13     | Noticed a swamp dragon
 11755 | D:13     | Killed a swamp dragon
 11988 | Orc:1    | Entered Level 1 of the Orcish Mines
 12013 | Orc:1    | Reached skill level 8 in Ranged Weapons
 12013 | Orc:1    | Noticed an orc high priest
 12021 | Orc:1    | Killed an orc high priest
 12022 | Orc:1    | Reached XP level 13. HP: 54/103 MP: 21/21
 12231 | Orc:1    | You fall into a shaft and drop 1 floor!
 12231 | Orc:2    | Entered Level 2 of the Orcish Mines
 12452 | Orc:1    | Found Riham's Jewellery Emporium.
 12897 | Orc:2    | Found a runed translucent door.
 12900 | Orc:2    | Noticed Suckerboh's ghost (journeyman MiFi)
 12945 | Orc:2    | Reached skill level 9 in Ranged Weapons
 12967 | Orc:1    | Found an iron altar of Okawaru.
 13211 | Orc:2    | Found a bloodstained altar of Trog.
 13357 | Orc:2    | Found a staircase to the Elven Halls.
 13710 | Orc:2    | Reached skill level 10 in Dodging
 13920 | Orc:2    | Reached skill level 10 in Ranged Weapons
 13982 | Orc:2    | Paralysed by an orc sorcerer for 5 turns
 14348 | Orc:1    | Gained mutation: You occasionally lose the ability to read
                  | scrolls when taking damage. [potion of mutation]
 14348 | Orc:1    | Gained mutation: You have a somewhat thin skeletal
                  | structure. (Dex +2, Stealth+) [potion of mutation]
 14348 | Orc:1    | Gained mutation: You are weak. (Str -2) [potion of
                  | mutation]
 14381 | Orc:2    | Reached skill level 11 in Ranged Weapons
 14719 | Orc:2    | Found Terphefior's Book Shop.
 14719 | Orc:2    | Found Hof Ker's Antique Weapon Shoppe.
 14721 | Orc:2    | Found Wyxt's Weapon Shop.
 14721 | Orc:2    | Found Emmitaz's Antique Armour Shoppe.
 15959 | Lair:2   | Found a frozen archway.
 15985 | IceCv    | Entered an ice cave
 16027 | IceCv    | Reached skill level 12 in Ranged Weapons
 16346 | IceCv    | Reached XP level 14. HP: 89/110 MP: 22/22
 16411 | IceCv    | Noticed a reaper
 16427 | IceCv    | Killed a reaper
 16741 | Lair:2   | Reached skill level 13 in Ranged Weapons
 17026 | Lair:2   | Found a staircase to the Snake Pit.
 17323 | Lair:2   | Noticed Urug
 17327 | Lair:2   | Urug changed into Urug the entropy weaver
 17327 | Lair:2   | Noticed Urug
 17369 | Lair:2   | Pacified Urug the entropy weaver
 17370 | Lair:2   | Reached skill level 14 in Ranged Weapons
 17650 | Lair:2   | Reached skill level 1 in Armour
 18216 | Lair:3   | Found a staircase to the Shoals.
 19408 | Lair:3   | Reached skill level 5 in Armour
 19509 | Lair:3   | Found a runed translucent door.
 20024 | Lair:4   | Found a staircase to the Slime Pits.
 20222 | Lair:4   | Reached XP level 15. HP: 97/115 MP: 24/24
 20257 | Lair:4   | Found a dark tunnel.
 20268 | Volcano  | Entered a volcano
 21204 | Lair:5   | Entered Level 5 of the Lair of Beasts
 21349 | Lair:5   | Noticed Rupert
 21353 | Lair:4   | Paralysed by Rupert for 4 turns
 21579 | Lair:5   | Reached skill level 15 in Long Blades
 21972 | Lair:5   | Identified the staff of air "Ihireath" {rElec Dex+4}
 21977 | Lair:5   | Identified the +6 trident of the Pit {holy, *Slow rElec
                  | SInv Stlth+}
 22044 | Lair:5   | Lost mutation: You occasionally lose the ability to read
                  | scrolls when taking damage. [potion of mutation]
 22044 | Lair:5   | Lost mutation: You are weak. (Str -2) [potion of mutation]
 22044 | Lair:5   | Lost mutation: You have a somewhat thin skeletal structure.
                  | (Dex +2, Stealth+) [potion of mutation]
 22044 | Lair:5   | Gained mutation: You are frail. (-10% HP) [potion of
                  | mutation]
 22044 | Lair:5   | Gained mutation: You have a pair of small horns on your
                  | head. [potion of mutation]
 22318 | Lair:5   | Identified the +1 quarterstaff of Valiance {venom, rElec
                  | rF+++ Str+3 Int-3}
 22968 | Lair:4   | Killed Rupert
 23174 | Orc:1    | Bought the ring of the Tortoise {AC+8} for 1664 gold pieces
 23174 | Orc:1    | Found the ring of the Tortoise {AC+8}
 23453 | D:13     | Found a runed translucent gate.
 23454 | D:13     | Found a runed translucent gate.
 23454 | D:13     | Noticed Ined's ghost (journeyman MiBe)
 23455 | D:13     | Found a runed translucent gate.
 23565 | D:13     | Found a transporter.
 23568 | D:13     | Found a transporter.
 24089 | D:13     | Identified the +4 great mace "Doroso" {flame, *Rage Dex+4}
 24136 | D:13     | Found a gate to the Vaults.
 24413 | Orc:2    | Killed Suckerboh's ghost
 24414 | Orc:2    | Reached skill level 15 in Invocations
 24414 | Orc:2    | Reached skill level 1 in Evocations
 24418 | Orc:2    | Identified the ring of Dyur {rElec rC+ Int-5 Dex+5 Stlth+}
 24614 | Snake:1  | Entered Level 1 of the Snake Pit
 24628 | Lair:2   | Reached XP level 16. HP: 81/109 MP: 27/27
 25250 | Snake:1  | Found Paonkuzu's Antique Armour Boutique.
 25252 | Snake:1  | Found Heipsep's Book Shop.
 25254 | Snake:1  | Found Weifakec's General Store.
 25540 | Snake:1  | You fall into a shaft and drop 1 floor!
 25543 | Snake:2  | Noticed Agnes
 25557 | Snake:2  | Killed Agnes
 25874 | Snake:1  | Lost mutation: You are frail. (-10% HP) [potion of
                  | mutation]
 25874 | Snake:1  | Lost mutation: You have a pair of small horns on your head.
                  | [potion of mutation]
 25874 | Snake:1  | Gained mutation: Your muscles are strong. (Str +4, Int/Dex
                  | -1) [potion of mutation]
 25874 | Snake:1  | Gained mutation: You are agile. (Dex +4, Str/Int -1)
                  | [potion of mutation]
 25874 | Snake:1  | Gained mutation: You are partially covered in iridescent
                  | scales. (AC +2) [potion of mutation]
 26256 | Snake:2  | Reached skill level 15 in Ranged Weapons
 26708 | Snake:2  | Reached skill level 16 in Ranged Weapons
 27303 | Snake:2  | Found Quyn's Assorted Antiques.
 27307 | Snake:2  | Bought a potion of heal wounds for 140 gold pieces
 27356 | Snake:3  | Noticed a nagaraja
 27364 | Snake:3  | Killed a nagaraja
 27446 | Snake:3  | Noticed Bai Suzhen
 27786 | Snake:3  | Killed Bai Suzhen
 27937 | Snake:3  | Reached skill level 17 in Ranged Weapons
 27961 | Snake:3  | Reached XP level 17. HP: 107/128 MP: 26/28
 29141 | Snake:3  | Reached skill level 18 in Ranged Weapons
 29282 | Snake:4  | Entered Level 4 of the Snake Pit
 30292 | Snake:4  | Found Kemetav's Armour Shop.
 30294 | Snake:4  | Found Otwiutor's Armour Boutique.
 30294 | Snake:4  | Found Utengetri's Assorted Antiques.
 30301 | Snake:4  | Found Gov Usof's Assorted Antiques.
 30711 | Snake:4  | Reached XP level 18. HP: 145/145 MP: 29/29
 30729 | Snake:4  | Got a serpentine rune of Zot
 30922 | Shoals:1 | Entered Level 1 of the Shoals
 31696 | Shoals:2 | Found Koghi's Antique Armour Shoppe.
 31712 | Shoals:2 | Bought a glowing helmet for 180 gold pieces
 32067 | Shoals:3 | Identified the +12 flail of Honour {flame, rElec}
 32208 | Shoals:3 | Noticed Polyphemus
 32216 | Shoals:3 | Killed Polyphemus
 32224 | Shoals:3 | Reached skill level 15 in Fighting
 32431 | Shoals:3 | Found Boeklas's General Store.
 32659 | Shoals:4 | Entered Level 4 of the Shoals
 33239 | Shoals:4 | Noticed Ilsuiw
 33652 | Shoals:4 | Reached skill level 10 in Armour
 33694 | Shoals:4 | Killed Ilsuiw
 33711 | Shoals:4 | Reached XP level 19. HP: 117/155 MP: 30/30
 33881 | Shoals:4 | Got a barnacled rune of Zot
 33988 | Shoals:4 | Identified the ring of Niyguruem {rPois rF++ Will+ Int+6}
 34040 | Shoals:2 | Learned a level 2 spell: Blink
 34043 | Shoals:2 | Learned a level 2 spell: Lesser Beckoning
 34725 | Vaults:1 | Entered Level 1 of the Vaults
 35062 | Vaults:1 | Identified the amulet "Gishrush" {Spirit Fly rN+ Int-3
                  | Dex+4}
 35086 | Vaults:1 | Found Tarabag's Weapon Emporium.
 35134 | Vaults:1 | Reached skill level 19 in Ranged Weapons
 35666 | Vaults:1 | Identified the +5 glaive of Doom {freeze, rPois Will- Int+3
                  | SInv}
 35798 | Vaults:1 | Found a large runed translucent door.
 35798 | Vaults:1 | Found a large runed translucent door.
 35799 | Vaults:1 | Found a large runed translucent door.
 35799 | Vaults:1 | Found a large runed translucent door.
 35799 | Vaults:1 | Found a large runed translucent door.
 35799 | Vaults:1 | Found a large runed translucent door.
 35799 | Vaults:1 | Found a large runed translucent door.
 35799 | Vaults:1 | Found a large runed translucent door.
 35799 | Vaults:1 | Noticed Angmar's ghost (veteran DrAE)
 36251 | Vaults:1 | Found Nuduad's Armour Boutique.
 36258 | Vaults:1 | Reached skill level 20 in Ranged Weapons
 37146 | Vaults:2 | Reached XP level 20. HP: 162/162 MP: 31/31
 37567 | Vaults:2 | Reached skill level 21 in Ranged Weapons
 37577 | Vaults:2 | Noticed Frederick
 37605 | Vaults:2 | Killed Frederick
 38495 | Vaults:3 | Noticed Boris
 38530 | Vaults:2 | Killed Boris
 38916 | Vaults:3 | Identified the +0 halberd "Ojask" {antimagic, *Rage Int+3}
 39310 | Vaults:1 | Bought quicksilver dragon scales for 840 gold pieces
 39564 | Elf:1    | Entered Level 1 of the Elven Halls
 40582 | Elf:1    | Reached skill level 22 in Ranged Weapons
 40586 | Elf:2    | Noticed Saint Roka
 40811 | Elf:2    | Killed Saint Roka
 40928 | Elf:2    | Found Resoop's Specific Store.
 40930 | Elf:2    | Found Olotulai's General Store.
 40948 | Elf:2    | Reached ***** piety under Elyvilon
 41195 | Elf:2    | Found a runed translucent gate.
 41197 | Elf:2    | Found a runed translucent gate.
 41202 | Elf:2    | Found a runed translucent gate.
 41497 | Elf:3    | Entered Level 3 of the Elven Halls
 41830 | Elf:2    | Noticed Jorgrun
 41998 | Elf:3    | Reached skill level 23 in Ranged Weapons
 41999 | Elf:3    | Reached XP level 21. HP: 97/168 MP: 32/32
 42834 | Elf:3    | Found the +12 pair of quick blades "Gyre" and "Gimble"
                  | {protect}
 43038 | Elf:3    | Identified the +2 scale mail of Cemipell {rElec rPois rC+}
 43186 | Elf:3    | Identified the +8 dagger "Buviceoq" {freeze, rPois}
 43460 | Elf:3    | Identified the +1 war axe of Cusuog {freeze, Str+3}
 43492 | Elf:3    | Reached skill level 24 in Ranged Weapons
 43548 | Elf:3    | Noticed a Tzitzimitl
 44020 | Elf:3    | Identified the +4 ring mail "Cear" {SInv}
 44159 | Elf:3    | Got Total Understanding of Magic
 44161 | Elf:3    | Got the Omnibus of the Volley
 44199 | Elf:3    | Got the Annotations on the Lithosphere
 44203 | Elf:3    | Identified the +1 ring mail of Cowardice {Contam rCorr
                  | Str+3}
 44221 | Elf:3    | Got the Volume of Polluted Imprecation
 44226 | Elf:3    | Learned a level 3 spell: Portal Projectile
 44229 | Elf:3    | Learned a level 2 spell: Passwall
 44233 | Elf:3    | Learned a level 3 spell: Inner Flame
 44239 | Elf:3    | Learned a level 5 spell: Metabolic Englaciation
 44425 | Elf:3    | Identified the amulet "Cuin Viz" {Reflect Str+3 SH+5}
 44829 | Snake:4  | Bought a scroll of enchant weapon for 292 gold pieces
 44830 | Snake:4  | Bought a potion of heal wounds for 195 gold pieces
 44830 | Snake:4  | Bought 2 potions of heal wounds for 390 gold pieces
 45869 | Vaults:3 | Found a staircase to the Crypt.
 45998 | Vaults:4 | Found a crumbling gateway.
 46008 | Desolati | Entered the Desolation of Salt
 46079 | Desolati | Reached skill level 25 in Ranged Weapons
 46210 | Vaults:4 | Reached XP level 22. HP: 175/175 MP: 33/33
 46882 | Vaults:4 | Reached skill level 26 in Ranged Weapons
 47437 | Vaults:4 | Elyvilon protects you from harm!
 47635 | D:13     | Killed Ined's ghost
 47958 | D:14     | Reached skill level 1 in Shields
 48120 | D:14     | Found a runed translucent gate.
 48120 | D:14     | Found a runed translucent gate.
 48120 | D:14     | Found a runed translucent gate.
 48585 | D:14     | Found a bloodstained altar of Trog.
 48759 | D:14     | You fall into a shaft and drop 1 floor!
 48759 | D:15     | Entered Level 15 of the Dungeon
 49169 | D:14     | Found a runed translucent gate.
 49169 | D:14     | Found a runed translucent gate.
 49175 | D:14     | Found a runed translucent gate.
 49175 | D:14     | Noticed Wopp's ghost (journeyman GrEE)
 49407 | D:15     | Found a staircase to the Depths.
 49477 | D:15     | Reached skill level 27 in Ranged Weapons
 49480 | D:15     | Identified the +8 short sword of Expedience {freeze, Dex+4}
 49487 | D:15     | Reached XP level 23. HP: 148/181 MP: 34/34
 49927 | Depths:1 | Entered Level 1 of the Depths
 49927 | Depths:1 | Found a gateway to Hell.
 49952 | Depths:1 | Learned a level 2 spell: Wereblood
 49982 | Depths:1 | Noticed the Enchantress
 49990 | Depths:1 | Pacified the Enchantress
 49991 | Depths:1 | Reached skill level 5 in Shields
 50440 | Depths:1 | HP: 5/181 [frost giant/bolt of cold (53)]
 50442 | Depths:1 | Elyvilon protects you from harm!
 51018 | Depths:1 | Found Ikhlyghy's Weapon Shop.
 51926 | Depths:2 | Reached skill level 10 in Shields
 52267 | Depths:2 | Found a one-way gate to the infinite horrors of the Abyss.
 52565 | Depths:2 | Found a one-way gate leading to the halls of Pandemonium.
 53007 | Depths:3 | Found a runed translucent door.
 53008 | Depths:3 | Found a runed translucent door.
 53011 | Depths:3 | Found the +9 sword of Zonguldrok {reap}
 53012 | Depths:3 | Found a runed translucent door.
 53020 | Depths:3 | Reached XP level 24. HP: 188/188 MP: 34/34
 53033 | Depths:3 | Found a runed translucent door.
 53048 | Depths:3 | Identified the ring of Vetzail {rPois rF+ EV+5}
 53062 | Depths:3 | Noticed a juggernaut
 53093 | Depths:3 | Identified the +4 mace "Gyemusel" {drain, *Rage rElec
                  | Int+3}
 53094 | Depths:3 | Identified the +5 spear of Uskayaw's Inspiration {elec,
                  | Fragile rPois Will+ Dex+2 SInv}
 53109 | Depths:3 | Killed a juggernaut
 54069 | Depths:3 | Found a one-way gateway to a ziggurat.
 54253 | Depths:4 | Entered Level 4 of the Depths
 54279 | Depths:4 | Noticed Boris
 54310 | Depths:4 | Noticed a golden dragon
 54339 | Depths:3 | Killed a golden dragon
 54410 | Depths:4 | Reached skill level 15 in Shields
 54591 | Depths:4 | Noticed a golden dragon
 54635 | Depths:4 | Killed Boris
 54802 | Depths:4 | Got the Incunabulum of Levity
 54956 | Depths:4 | Noticed a golden dragon
 54961 | Depths:4 | Killed a golden dragon
 55051 | Depths:4 | Killed a golden dragon
 55069 | Depths:4 | Found a runed translucent door.
 55069 | Depths:4 | Found a runed translucent door.
 55162 | Depths:4 | Identified the +0 lajatang "Beetle's Nightmare" {distort,
                  | rF+ rC+ Dex+3}
 55198 | Depths:4 | Found a runed translucent door.
 55213 | Depths:4 | Found a runed translucent door.
 55220 | Depths:4 | Found a runed translucent door.
 55353 | Depths:4 | Found a runed translucent door.
 55481 | Depths:4 | Found a gate to the Realm of Zot.
 56232 | Temple   | Fell from the grace of Elyvilon
 56232 | Temple   | Became a worshipper of the Shining One
 56232 | Temple   | Reached * piety under the Shining One
 56654 | Crypt:1  | Entered Level 1 of the Crypt
 56678 | Crypt:1  | Reached ** piety under the Shining One
 57062 | Crypt:1  | Reached *** piety under the Shining One
 57108 | Crypt:1  | Identified the +6 long sword "Myjoes" {flame, rElec Str+3
                  | Int-3 SInv}
 57247 | Crypt:1  | Reached XP level 25. HP: 170/194 MP: 34/34
 57278 | Crypt:1  | Reached **** piety under the Shining One
 57884 | Crypt:2  | Reached ***** piety under the Shining One
 58086 | Crypt:3  | Entered Level 3 of the Crypt
 58086 | Crypt:3  | Found a staircase to the Tomb.
 58287 | Crypt:3  | Reached ****** piety under the Shining One
 58364 | Crypt:3  | Identified a +5 double sword of holy wrath (a +3 double
                  | sword of holy wrath blessed by the Shining One)
 58364 | Crypt:3  | Received a gift from the Shining One
 58934 | Crypt:3  | Found a basalt altar of Yredelemnul.
 59085 | Crypt:3  | Noticed a royal mummy
 59687 | Crypt:3  | Killed a royal mummy
 60285 | Vaults:5 | Entered Level 5 of the Vaults
 60375 | Vaults:5 | Identified the staff of fire "Meotoh" {rElec rPois rF+
                  | Str+2 Int-5}
 60384 | Vaults:5 | Reached XP level 26. HP: 122/201 MP: 34/34
 60390 | Vaults:5 | HP: 4/201 [lich/bolt of cold (47)]
 60665 | Vaults:5 | Got a silver rune of Zot
 60730 | Vaults:5 | Identified the ring of Tinuapeblu {rC- Will+ rCorr Str+5}
 60928 | Vaults:5 | Found Nyexkej's Assorted Antiques.
 61235 | Vaults:5 | Identified the +0 ring mail of Xom's Wrath {Int+3}
 61413 | Vaults:5 | Identified the staff of earth "Peggoh" {rC+ Str-2 Int+3
                  | Dex+5 Stlth+}
 61737 | Vaults:5 | Acquired 828 gold pieces
 61739 | Vaults:5 | Bought a scroll of enchant armour for 172 gold pieces
 62141 | Zot:1    | Entered Level 1 of the Realm of Zot
 62212 | Zot:1    | Identified the ring of Ilizxure {Ice rPois Int+2 Stlth-}
 62212 | Zot:1    | Noticed Josephina
 62477 | Zot:1    | Killed Josephina
 62537 | Zot:1    | Reached skill level 1 in Spellcasting
 62537 | Zot:1    | Reached skill level 1 in Transmutations
 62872 | Zot:1    | Reached skill level 5 in Transmutations
 62888 | Zot:1    | HP: 3/201 [storm dragon/bolt of lightning (14)]
 62893 | Zot:1    | HP: 3/201 [poisoned by a golden dragon (blast of poison)]
 63385 | Zot:1    | Reached XP level 27. HP: 207/207 MP: 36/36
 63544 | Zot:1    | Identified the ring "Dity" {rPois rF+ rCorr Int-2 Stlth+}
 63551 | Zot:1    | Got Uzxoog's Compendium of Doomed Filth
 63574 | Zot:1    | Identified the staff of air "Asyoch Reagy" {rElec Will+
                  | Int+2}
 63599 | Zot:1    | Identified the +6 chain mail "Wyogh" {Str-2 Int+4 Dex+3}
 63688 | Zot:1    | Identified the amulet "Pueriakh" {Harm Rampage Regen+}
 64246 | Zot:2    | Learned a level 1 spell: Apportation
 64389 | Zot:2    | Reached skill level 1 in Translocations
 64523 | Zot:2    | Reached skill level 10 in Transmutations
 64857 | Zot:2    | Reached skill level 5 in Translocations
 66930 | Zot:4    | Reached skill level 10 in Translocations
 67437 | Zot:5    | Entered Level 5 of the Realm of Zot
 67799 | Zot:5    | Reached skill level 5 in Evocations
 67810 | Zot:5    | Noticed an ancient lich
 67819 | Zot:5    | Killed an ancient lich
 67881 | Zot:5    | Noticed a dread lich
 67892 | Zot:5    | Noticed a Killer Klown
 67893 | Zot:5    | Killed a dread lich
 67903 | Zot:5    | Noticed a Killer Klown
 67904 | Zot:5    | a Killer Klown changed into an acid blob
 67911 | Zot:5    | a Killer Klown changed into a golden dragon
 67994 | Zot:5    | Noticed an orb of fire
 68006 | Zot:5    | Noticed an orb of fire
 68011 | Zot:5    | Killed an orb of fire
 68039 | Zot:5    | Gained mutation: You are frail. (-10% HP) [an orb of fire]
 68098 | Zot:5    | Gained mutation: You do not regenerate when monsters are
                  | visible. [an orb of fire]
 68101 | Zot:5    | Gained mutation: Your spells are a little easier to cast,
                  | but a little less powerful. [an orb of fire]
 68102 | Zot:5    | Killed an orb of fire
 68130 | Zot:5    | Noticed an orb of fire
 68145 | Zot:5    | Lost mutation: You are agile. (Dex +4, Str/Int -1) [an orb
                  | of fire]
 68295 | Zot:5    | Gained mutation: You sometimes lose your temper in combat.
                  | [an orb of fire]
 68303 | Zot:4    | Gained mutation: You occasionally lose the ability to drink
                  | potions when taking damage. [an orb of fire]
 68306 | Zot:4    | Gained mutation: Your body sometimes deteriorates upon
                  | taking damage. [an orb of fire]
 68310 | Zot:4    | Killed an orb of fire
 68396 | Zot:5    | Noticed an ancient lich
 68402 | Zot:5    | Killed an ancient lich
 68416 | Zot:5    | Noticed an ancient lich
 68419 | Zot:5    | Killed an ancient lich
 68666 | Zot:5    | Lost mutation: You are frail. (-10% HP) [potion of
                  | mutation]
 68666 | Zot:5    | Lost mutation: You sometimes lose your temper in combat.
                  | [potion of mutation]
 68666 | Zot:5    | Lost mutation: You are partially covered in iridescent
                  | scales. (AC +2) [potion of mutation]
 68667 | Zot:5    | Lost mutation: Your muscles are strong. (Str +4, Int/Dex
                  | -1) [potion of mutation]
 68667 | Zot:5    | Lost mutation: You do not regenerate when monsters are
                  | visible. [potion of mutation]
 68667 | Zot:5    | Gained mutation: You expend magic power (3 MP) to
                  | strengthen your wands. [potion of mutation]
 68729 | Zot:5    | Noticed an orb of fire
 68742 | Zot:5    | Noticed an orb of fire
 68743 | Zot:5    | Killed an orb of fire
 68749 | Zot:5    | Noticed a Killer Klown
 68961 | Zot:5    | Noticed an orb of fire
 68962 | Zot:5    | Gained mutation: You occasionally lose the ability to read
                  | scrolls when taking damage. [an orb of fire]
 68967 | Zot:5    | Gained mutation: Armour fits poorly on your strangely
                  | shaped body. [an orb of fire]
 68971 | Zot:5    | Killed an orb of fire
 68974 | Zot:5    | Killed a Killer Klown
 68996 | Zot:5    | Got the Orb of Zot
 69346 | Depths:2 | Noticed a seraph
 69350 | Depths:2 | HP: 4/207 [angel/+3 whip of holy wrath[a seraph] (15)]
 69350 | Depths:2 | The Shining One protects you from harm!
 69350 | Depths:2 | Annihilated by an angel

Illustrated notes

Levels and vault maps discovered:
D:1:      dpeg_arrival_rooms_a, layout_rooms, serial_aquarium,
          aquarium_bridge_long_joined [aquarium_subvault_window,
          aquarium_subvault_wall, aquarium_subvault_bridge,
          aquarium_subvault_wall, aquarium_subvault_wall,
          aquarium_subvault_bridge], aquarium_window_corner, aquarium_window_2,
          aquarium_window_1, aquarium_window_fake, aquarium_view_2a,
          aquarium_view_2b, aquarium_pool_corner, minmay_crystal_water
D:2:      layout_basic
D:3:      layout_loops_cross, mainiacjoe_overflow_concentric_impassable,
          hellmonk_ecumenical_altar_crossroads, feat_on_display
D:4:      layout_loops_ring, minmay_temple_entry_glass
D:5:      layout_cave_pods, uniq_sigmund, uniq_eustachio, uniq_grinder
D:6:      layout_basic, mainiacjoe_overflow_brackets, lemuel_crystal_altar,
          serial_shops, shop
D:7:      layout_basic, lemuel_round_altar,
          nicolae_concentric_dashed_squares_wild
D:8:      layout_loops_ring, columned_hall_lemuel, minivault_21, uniq_maurice
D:9:      layout_rooms, xom_teletrap_fun, lair_entry_dummy, orc_0_dummy
D:10:     kennysheep_blocky_hall, layout_basic, special_room [special_room_bee],
          uniq_joseph, uniq_maggie
D:11:     layout_rooms, trog_ov_bears_minmay
D:12:     layout_stronghold
D:13:     gammafunk_wand_slinger, layout_stronghold, ximxim_vaults_locker_room,
          gammafunk_ghost_hydra_chop, evilmike_butchery
D:14:     nrook_guardian_serpent_snake_passage, layout_layer_cave,
          lemuel_doored_altar, ploomutoo_gammafunk_ghost_potion_laboratory,
          minivault_24
D:15:     hangedman_depths_entry_civil_slaughter, layout_loops_ring,
          hangedman_abyss_or_decor_stabs
Temple:   minmay_crystal_spiral_temple
Lair:1:   layout_roguey, serial_bayou_lagoon_a, lemuel_fruit_tree
Lair:2:   beast_lair_carwin_large_2, layout_long_grid, dummy_snake_entry,
          special_room, portal_ice_cave_entry_ice_simulacra, uniq_urug
Lair:3:   gammafunk_lair_enchanted_lake, layout_cave_shapes,
          elwin_shoals_entry_rocks, minivault_24, beast_lair_carwin_5
Lair:4:   layout_loops_ring, slime_entry_1, nicolae_volcano_entry_hallway,
          grunt_megastairs_1, serial_bayou_shore_a
Lair:5:   gammafunk_lair_ancient_temple, layout_gridlike,
          infiniplex_staircase_pool_2, uniq_rupert
Shoals:1: layout_shoals
Shoals:2: layout_shoals, serial_shops, nicolae_shop_tiny_waterfront
Shoals:3: layout_shoals, serial_shops, shop, nicolae_shoals_so_close,
          uniq_polyphemus
Shoals:4: shoals_end_grunt_ice, layout_shoals, shoal_ilsuiw
Snake:1:  layout_layer_cave, minmay_shop_star
Snake:2:  layout_misc_corridors, serial_shops, nicolae_shop_back_alley_shop,
          uniq_agnes
Snake:3:  nicolae_snake_crotalidae_crossing, layout_cave_pods, uniq_bai_suzhen
Snake:4:  minmay_snake_end_coiled, layout_misc_corridors, minmay_shoptagon
Orc:1:    layout_caves, serial_shops, shop, okawaru_metal_pillars_1_2
Orc:2:    grunt_orc_tribal_feast, layout_diamond_mine, basic_altar,
          ebering_ghost_inner_flame
Elf:1:    layout_geoelf_octagon, minmay_elf_crystal_hexagon, minivault_16
Elf:2:    nicolae_elf_blades_splatter_lattice
          [nicolae_vaults_blade_armed_guards], layout_rooms,
          nicolae_specific_store, uniq_jorgrun, uniq_azrael, uniq_saint_roka
Elf:3:    grunt_elf_hall_branching, layout_onion_city, nicolae_twisting_strands,
          hellmonk_guarded_unrand_gyre_and_gimble
Vaults:1: advil_vaults_ghost_lines, nicolae_vaults_taking_the_gang_shopping,
          nicolae_vaults_disjoint_gnomons, hangedman_vaults_hat, v_rooms_5,
          nicolae_vaults_cochlea, nicolae_vaults_variable_pillar_hall,
          vaults_standard_mumra_enter_the_diamond,
          nicolae_vaults_oval_intersection, nicolae_vaults_heart-shaped_vault,
          nicolae_vaults_trapezoid_lopsided_3, nicolae_vaults_ring_of_whatevers,
          nicolae_vaults_storage_room_statues, vaults_room_hallway,
          layout_vaults_omnibox, serial_shops, shop
Vaults:2: nicolae_vaults_stairing_the_circle,
          nicolae_vaults_door_testing_chamber, hangedman_vaults_cutoff,
          ontoclasm_vaults_claustrophobia, vaults_dpeg_emergency_exit,
          ontoclasm_vaults_twist, vaults_standard_mumra_x,
          nicolae_vaults_shipping_containers_4, nicolae_vaults_little_squares_5,
          nicolae_vaults_tetromino_Z_1, nicolae_vaults_two_Ls,
          ontoclasm_vaults_gateway, nicolae_vaults_stepped_doors,
          layout_vaults_big_room, uniq_frederick
Vaults:3: minmay_crypt_entry_simple_walls, nicolae_vaults_gold_heap,
          nicolae_vaults_trapezoid_lopsided_1, ontoclasm_vaults_spin,
          ontoclasm_vaults_pinch, nicolae_vaults_tetromino_T_2,
          vaults_room_grunt_arrival_ludios, hangedman_vaults_slice,
          vaults_room_corners, layout_vaults_quadrants, uniq_boris
Vaults:4: portal_desolation_entry_salt, dpeg_vaults_monster_box,
          nicolae_vaults_variable_pillar_hall_cross, vaults_room_door_ring,
          v_rooms_6, hangedman_vaults_capsules,
          ontoclasm_vaults_decontamination, v_misc_12, v_misc_24,
          nicolae_vaults_ring_of_whatevers, vaults_mumra_lcd,
          vaults_room_door_ring, vaults_mumra_chevron_long, v_misc_26,
          nicolae_vaults_what_the_h, nicolae_vaults_trapezoid_4,
          ontoclasm_vaults_fault, layout_vaults_maze
Vaults:5
Crypt:1:  layout_misc_corridors, grunt_crypt_arrival_split,
          roderic_lattice_octagonal_star
Crypt:2:  layout_rooms
Crypt:3:  church_of_pain_bobbens, layout_chaotic_city
Depths:1: layout_gridlike, serial_shops, nicolae_shop_bloodbath_and_beyond,
          hell_entry, minmay_misc_feat_hallway, nicolae_danse_macabre,
          hangedman_decor_cross_pass, uniq_enchantress
Depths:2: nzn_winding_woodlands_small
          [nzn_winding_woodlands_5x15_pathside_ponds,
          nzn_winding_woodlands_center_garden,
          nzn_winding_woodlands_5x15_jagged], layout_twisted_cross, abyss_entry,
          infiniplex_staircase_spiral, hell_entry, rand_demon_pan_entry_5,
          hangedman_stitches_earthworm
Depths:3: impenetrable_vault, layout_cave_pools, enter_ziggurat_e, abyss_entry,
          grunt_pan_entry_sceptre, grunt_decor_fettered,
          pf_hell_entry_tar_river, st_stairs_10, infiniplex_staircase_zigzag_5
Depths:4: evilmike_zot_entry_castle, layout_basic, bh_walls_and_bars,
          hell_entry, minivault_1
Zot:1:    layout_gridlike, st_large_dragon_hoard_2, uniq_josephina
Zot:2:    layout_onion_interference
Zot:3:    layout_basic, zot_minivault_4
Zot:4:    layout_concentric_octagons
Zot:5:    layout_onion

Skill      XL: |  1  2  3  4  5  6  7  8  9 10 11 12 13 14 15 16 17 18 19 20 21 22 23 24 25 26 27 |
---------------+----------------------------------------------------------------------------------+-----
Long Blades    | 4 11 14 16 | 16.0
Ranged Weapons | 1 2 4 8 12 14 17 18 20 23 25 27 | 27.0
Invocations    | 4 5 8 10 11 12 15 18 19 | 19.5
Fighting       | 6 10 13 15 | 15.0
Dodging        | 5 8 10 11 | 11.0
Armour         | 5 10 | 10.0
Evocations     | 2 4 8 |  8.0
Shields        | 4 12 17 21 | 21.5
Spellcasting   | 1 |  1.0
Transmutations | 6 10 | 10.0
Translocations | 13 | 13.0

Action                     |  1- 3 |  4- 6 |  7- 9 | 10-12 | 13-15 | 16-18 | 19-21 | 22-24 | 25-27 || total
---------------------------+-------+-------+-------+-------+-------+-------+-------+-------+-------++-------
  Melee: Falchion          |    77 |    71 |       |       |       |       |       |       |       ||   148
         Scimitar          |       |       |   216 |   529 |   565 |       |       |       |       ||  1310
         Double sword      |       |       |       |       |   562 |   158 |   193 |   424 |  1216 ||  2553
         Headbutt          |       |       |       |       |    43 |    11 |       |       |       ||    54
   Fire: Sling             |       |     7 |    17 |       |    85 |       |       |       |       ||   109
         Hand crossbow     |       |       |       |       |    34 |   862 |   830 |  1081 |   605 ||  3412
   Cast: Blink             |       |       |       |       |       |       |     1 |       |     1 ||     2
         Wereblood         |       |       |       |       |       |       |       |       |    21 ||    21
         Apportation       |       |       |       |       |       |       |       |       |     5 ||     5
         Portal Projectile |       |       |       |       |       |       |       |       |     1 ||     1
 Invoke: Heal Self         |       |       |     8 |     9 |    31 |    18 |    18 |    17 |       ||   101
         Purification      |       |       |     2 |     3 |     3 |     3 |     2 |     6 |       ||    19
         Heal Other        |       |       |     6 |    13 |    17 |    17 |    16 |    21 |       ||    90
         Cleansing Flame   |       |       |       |       |       |       |       |       |    80 ||    80
         Brand Weapon With |       |       |       |       |       |       |       |       |     1 ||     1
         Divine Shield     |       |       |       |       |       |       |       |       |    18 ||    18
  Evoke: Wand              |       |       |     3 |    17 |    27 |    10 |     3 |     4 |     7 ||    71
         Phantom mirror    |       |       |       |       |     1 |     2 |     1 |     1 |     3 ||     8
         Condenser vane    |       |       |       |       |       |       |       |       |     2 ||     2
    Use: Scroll            |     6 |     6 |     6 |     5 |    12 |    16 |    16 |    17 |    17 ||   101
         Potion            |       |     1 |       |     2 |    12 |     9 |     6 |    15 |    35 ||    80
   Stab: Distracted        |       |       |       |       |     1 |       |     1 |       |       ||     2
 Armour: Ring mail         |    15 |    33 |    15 |       |   135 |   303 |   178 |       |       ||   679
         Robe              |     1 |       |       |       |       |       |       |       |       ||     1
         Leather armour    |       |       |    69 |   129 |    45 |       |       |       |       ||   243
         Acid dragon scale |       |       |       |       |   126 |       |       |       |       ||   126
         Skin              |       |       |       |       |     3 |       |       |       |       ||     3
         Quicksilver drago |       |       |       |       |       |       |   237 |   626 |   401 ||  1264
  Dodge: Dodged            |    40 |    49 |   173 |   393 |  1011 |   617 |   790 |   970 |   628 ||  4671
         Repelled          |       |       |       |       |       |    16 |    18 |    28 |    56 ||   118
  Block: Tower shield      |       |       |       |       |       |       |       |  1072 |  2338 ||  3410
         Reflection        |       |       |       |       |       |       |       |     8 |    49 ||    57
